 Dungeon Crawl Stone Soup version 0.21.1-77-g46dbe93 (webtiles) character file.

7318 Merlin the Fighter (level 11, -6/87 HPs)
             Began as a Gnoll Wanderer on Sept 2, 2018.
             Was an Elder of Dithmenos.
             Shot with an arrow by a merfolk (20 damage)
             ... on level 1 of the Shoals.
             The game lasted 01:07:49 (9731 turns).

Merlin the Fighter (Gnoll Wanderer)                 Turns: 9731, Time: 01:07:51

Health: -6/87      AC:  9    Str: 13    XL:     11   Next: 13%
Magic:  28/28      EV: 14    Int: 17    God:    Dithmenos [****..]
Gold:   662        SH:  0    Dex: 17    Spells: 5/21 levels left

rFire    + . .     SeeInvis .   K - +12 lajatang "Xiwesar" {slice, +Fly rElec rPois MP+9}
rCold    + + .     Gourm    .   (shield currently unavailable)
rNeg     . . .     Faith    .   c - +0 ring mail
rPois    +         Spirit   .   (no helmet)
rElec    +         Reflect  .   f - scarf {rC+ rF+}
rCorr    .         Harm     .   o - +0 pair of gloves
MR       .....                  (no boots)
Stlth    ++++......             (no amulet)
HPRegen  0.24/turn              w - ring of protection from cold
MPRegen  0.21/turn              (no ring)

@: wreathed by umbra
A: distributed training, fangs 1, hooves 1, slimy green scales 1, strong nose
a: Shadow Step, Renounce Religion, Evoke Flight


You were on level 1 of the Shoals.
You worshipped Dithmenos.
Dithmenos was greatly pleased with you.
You were hungry.

You visited 3 branches of the dungeon, and saw 11 of its levels.
You also visited: Ossuary.

You collected 662 gold pieces.

Inventory:

Hand Weapons
 a - a +2 hand axe
 h - a +3 short sword of protection
 D - a +3 scimitar of holy wrath
 E - a +2 short sword of venom
 K - the +12 lajatang "Xiwesar" (weapon) {slice, +Fly rElec rPois MP+9}
   (You found it on level 1 of the Lair of Beasts)

   It inflicts extra damage upon your enemies.
   It insulates you from electricity.
   It protects you from poison.
   It affects your magic capacity (+9).
   It lets you fly.
 R - a +0 trident of venom
 S - a +3 halberd of protection
 T - a +1 flail of crushing
 Z - a +0 scimitar of electrocution
Missiles
 k - 36 sling bullets
 m - 132 arrows
 q - 15 tomahawks (quivered)
 r - 3 needles of sleeping
 t - 8 javelins
Armour
 c - a +0 ring mail (worn)
 f - a scarf of resistance (worn)
 g - a +2 large shield
 l - a +0 scale mail
 o - a +0 pair of gloves (worn)
 B - a +2 buckler
 H - a +0 pair of boots
Magical Staves
 v - an uncursed staff of summoning
Jewellery
 w - a ring of protection from cold (left hand)
Wands
 s - a wand of polymorph (3)
 u - a wand of iceblast (15)
 y - a wand of paralysis (11)
Scrolls
 e - a scroll of random uselessness {unknown}
 i - 3 scrolls of identify
 j - 3 scrolls of teleportation
 n - a scroll of amnesia
 p - a scroll of magic mapping
 x - a scroll of summoning {unknown}
 C - a scroll of brand weapon {unknown}
 F - a scroll of enchant armour {unknown}
 I - a scroll of torment
 L - a scroll of fog {unknown}
 M - a scroll of silence {unknown}
 N - 2 scrolls of remove curse
 U - a scroll of enchant weapon {unknown}
 V - a scroll of blinking {unknown}
Potions
 z - a potion of resistance {unknown}
 G - a potion of heal wounds {unknown}
 J - a potion of might {unknown}
 O - a potion of brilliance {unknown}
 P - a potion of berserk rage
 Q - a potion of mutation
 Y - a potion of lignification {unknown}
Books
 b - Leff's Incunabulum of Feathers

   Spells                             Type                      Level
   a - Swiftness                      Charms/Air                   2
   b - Poisonous Vapours              Poison/Air                   2
 A - a book of Minor Magic

   Spells                             Type                      Level
   a - Magic Dart                     Conjuration                  1
   b - Blink                          Translocation                2
   c - Call Imp                       Summoning                    2
   d - Slow                           Hexes                        2
   e - Conjure Flame                  Conjuration/Fire             3
   f - Mephitic Cloud                 Conjuration/Poison/Air       3
 W - a book of Geomancy

   Spells                             Type                      Level
   a - Sandblast                      Earth                        1
   b - Passwall                       Transmutation/Earth          2
   c - Stone Arrow                    Conjuration/Earth            3
   d - Petrify                        Transmutation/Earth          4
   e - Lee's Rapid Deconstruction     Earth                        5
Comestibles
 d - 12 rations


   Skills:
 + Level 8.9 Fighting
 + Level 5.9 Short Blades
 + Level 5.9 Long Blades
 + Level 6.5 Axes
 + Level 5.9 Maces & Flails
 + Level 5.9 Polearms
 + Level 5.9 Staves
 + Level 5.9 Slings
 + Level 5.9 Bows
 + Level 5.9 Crossbows
 + Level 5.9 Throwing
 + Level 6.5 Armour
 + Level 5.9 Dodging
 + Level 6.4 Stealth
 + Level 5.9 Shields
 + Level 5.9 Unarmed Combat
 + Level 5.9 Spellcasting
 + Level 4.8 Conjurations
 + Level 4.8 Hexes
 + Level 5.3 Charms
 + Level 4.8 Summonings
 + Level 4.8 Necromancy
 + Level 4.8 Translocations
 + Level 4.8 Transmutations
 + Level 4.8 Fire Magic
 + Level 4.8 Ice Magic
 + Level 4.8 Air Magic
 + Level 6.2 Earth Magic
 + Level 4.8 Poison Magic
 + Level 6.4 Invocations
 + Level 6.5 Evocations


You had 5 spell levels left.
You knew the following spells:

 Your Spells              Type           Power        Failure   Level  Hunger
a - Poisonous Vapours     Pois/Air       ###...       4%          2    None
b - Swiftness             Chrm/Air       ###.....     4%          2    None
c - Call Imp              Summ           ###.....     4%          2    None
d - Blink                 Tloc           N/A          4%          2    None
e - Slow                  Hex            ###.....     4%          2    None
f - Mephitic Cloud        Conj/Pois/Air  ###.....     10%         3    ##.....
g - Stone Arrow           Conj/Erth      ###...       8%          3    ##.....


Dungeon Overview and Level Annotations

Branches:
Dungeon (8/15)             Temple (0/1) D:4            Lair (2/6) D:8
 Shoals (1/4) Lair:2
  Snake: Lair:2-4    Spider: Lair:2-4

Altars:
Ashenzari
Dithmenos
Elyvilon
Gozag
Kikubaaqudgha
Nemelex Xobeh
Okawaru
Ru
Trog
Uskayaw
Vehumet
Wu Jian
Yredelemnul

Annotations:
D:7 Joseph


Innate Abilities, Weirdness & Mutations

Your experience applies equally to all skills.
You have very sharp teeth.
Your uncanny sense of smell can sniff out nearby items.
You have large cloven feet.
You are partially covered in slimy green scales. (AC +2)


Message History

The water nymph touches you. The water nymph drowns you!
You slice the water nymph!!
You kill the water nymph!
Dithmenos accepts your kill.
You start resting.
A merfolk comes into view. It is wielding a trident.
Press: ? - help, v - describe, . - travel
Here: a merfolk, wielding a trident (hasn't noticed you)
The floor.
As you read the scroll labeled IFO YTOUMA, it crumbles to dust.
Your body is wracked with pain!
* * * LOW HITPOINT WARNING * * *
The merfolk convulses!
The merfolk shouts!
It was a scroll of torment.
The merfolk unwields an uncursed trident.
The merfolk wields a shortbow.
The merfolk shoots an arrow.
The arrow hits you.
* * * LOW HITPOINT WARNING * * *
The merfolk shoots an arrow.
The arrow hits you!!
You die...

≈..P..PP.PP......###..≈≈
≈.P....≈..≈PP≈......≈...
≈≈P.≈..≈≈≈≈≈P..###.≈P...
P≈.(...≈≈P≈≈≈..# #..P...
....m...P≈≈≈≈..###..P...
.m........≈≈≈..........≈
#......≈≈≈≈...P.≈≈PP≈
.#(...≈≈≈≈≈..≈≈≈≈≈≈
#@...........≈≈≈≈≈
##........##..≈≈≈≈
##..≈≈≈.####..≈≈≈ ##
##...≈.###....≈≈ #.#
##.......≈...≈≈ P.###..##
###..≈≈≈≈≈.≈≈≈ PPP.....#
#..≈≈≈≈≈≈≈≈≈
≈≈......########...≈>.≈≈≈≈≈
PP≈≈...........##.......≈≈≈≈


You could see a merfolk.

Vanquished Creatures
  Harold (Lair:2)
  2 two-headed ogres (D:8)
  A spiny frog (Lair:1)
  A water nymph (Shoals:1)
  A wind drake (Shoals:1)
  2 hippogriffs
  A spriggan (D:7)
  A basilisk (Lair:1)
  Duvessa (D:4)
  2 porcupines
  3 orc warriors (D:8)
  An ice beast (D:7)
  2 sky beasts
  3 ogres
  A phantom (D:6)
  5 centaurs
  2 crocodiles (Lair:2)
  A big kobold (D:7)
  4 bullfrogs
  Dowan (D:4)
  A scorpion (D:5)
  A water moccasin skeleton (D:5)
  4 killer bees (D:7)
  2 howler monkeys
  5 hounds
  A quasit (D:6)
  6 crimson imps
  A centaur zombie (D:5)
  A jelly (D:8)
  5 orc wizards
  A human zombie (Ossuary)
  2 orc priests
  3 iguanas
  Ijyb (D:3)
  Natasha (thrice) (D:2)
  7 worker ants
  A hound skeleton (D:7)
  3 mummies (Ossuary)
  A worker ant zombie (D:7)
  A howler monkey zombie (D:5)
  Robin (D:2)
  16 adders
  7 gnolls
  3 shadow imps
  2 oozes
  4 adder zombies
  An adder skeleton (D:5)
  4 worms
  4 dart slugs
  6 leopard geckos
  21 orcs
  4 bats
  6 giant cockroaches
  15 goblins
  5 hobgoblins
  12 jackals
  12 kobolds
  3 quokkas
  2 ball pythons
  2 ball python skeletons
  5 frilled lizards
  8 goblin zombies (Ossuary)
  2 hobgoblin zombies (Ossuary)
  A jackal skeleton (D:8)
  A kobold zombie (Ossuary)
  2 quokka skeletons (D:7)
  2 quokka zombies
  9 rats
  2 rat zombies (Ossuary)
248 creatures vanquished.

Vanquished Creatures (others)
  2 fungi (Lair:1)
2 creatures vanquished.

Grand Total: 250 creatures vanquished

Notes
Turn   | Place    | Note
-------+----------+-------------------------------------------
     0 | D:1      | Merlin the Gnoll Wanderer began the quest for the Orb.
     0 | D:1      | Merlin set off with: a +2 hand axe, Leff's Incunabulum of Feathers, a +0 ring mail, a ration
     0 | D:1      | Reached XP level 1. HP: 23/23 MP: 2/2
    87 | D:1      | Reached XP level 2. HP: 24/29 MP: 3/3
   529 | D:2      | Reached XP level 3. HP: 28/35 MP: 4/4
   530 | D:2      | Identified Leff's Incunabulum of Feathers
   533 | D:2      | Learned a level 2 spell: Poisonous Vapours
   621 | D:2      | Reached skill level 1 in Invocations
   757 | D:2      | Noticed Robin
   783 | D:2      | Killed Robin
   783 | D:2      | Reached skill level 1 in Short Blades
   783 | D:2      | Reached skill level 1 in Long Blades
   783 | D:2      | Reached skill level 1 in Maces & Flails
   783 | D:2      | Reached skill level 1 in Polearms
   783 | D:2      | Reached skill level 1 in Staves
   783 | D:2      | Reached skill level 1 in Slings
   783 | D:2      | Reached skill level 1 in Bows
   783 | D:2      | Reached skill level 1 in Crossbows
   783 | D:2      | Reached skill level 1 in Throwing
   783 | D:2      | Reached skill level 1 in Dodging
   783 | D:2      | Reached skill level 1 in Shields
   783 | D:2      | Reached skill level 1 in Unarmed Combat
   783 | D:2      | Reached skill level 1 in Spellcasting
   783 | D:2      | Reached XP level 4. HP: 30/41 MP: 3/6
   793 | D:2      | Noticed Natasha
   802 | D:2      | Killed Natasha
   820 | D:2      | Reached skill level 1 in Conjurations
   820 | D:2      | Reached skill level 1 in Hexes
   820 | D:2      | Reached skill level 1 in Summonings
   820 | D:2      | Reached skill level 1 in Necromancy
   820 | D:2      | Reached skill level 1 in Translocations
   820 | D:2      | Reached skill level 1 in Transmutations
   820 | D:2      | Reached skill level 1 in Fire Magic
   820 | D:2      | Reached skill level 1 in Ice Magic
   820 | D:2      | Reached skill level 1 in Air Magic
   820 | D:2      | Reached skill level 1 in Poison Magic
  1060 | D:2      | Reached XP level 5. HP: 47/47 MP: 7/7
  1154 | D:2      | Noticed Natasha
  1165 | D:2      | Killed Natasha
  1197 | D:2      | Found a shadowy altar of Dithmenos.
  1211 | D:2      | Became a worshipper of Dithmenos the Shadowed
  1323 | D:2      | Noticed Natasha
  1336 | D:2      | Killed Natasha
  1336 | D:2      | Reached XP level 6. HP: 47/53 MP: 8/8
  1471 | D:3      | Found a sparkling altar of Nemelex Xobeh.
  1487 | D:3      | Noticed Ijyb
  1550 | D:3      | Killed Ijyb
  1739 | D:3      | Found a radiant altar of Vehumet.
  1839 | D:3      | Found an ornate altar of the Wu Jian Council.
  1904 | D:3      | Found a white marble altar of Elyvilon.
  2366 | D:4      | Found a staircase to the Ecumenical Temple.
  2476 | D:4      | Reached * piety under Dithmenos
  2780 | D:4      | Noticed Dowan
  2781 | D:4      | Noticed Duvessa
  2781 | D:4      | Found an iron altar of Okawaru.
  2800 | D:4      | Killed Duvessa
  2800 | D:4      | Reached XP level 7. HP: 36/59 MP: 10/10
  2809 | D:4      | Killed Dowan
  2809 | D:4      | Reached skill level 7 in Fighting
  3159 | D:5      | Entered Level 5 of the Dungeon
  3331 | D:5      | Learned a level 2 spell: Poisonous Vapours
  3334 | D:5      | Learned a level 2 spell: Swiftness
  3781 | D:5      | Reached XP level 8. HP: 50/67 MP: 12/12
  4483 | D:5      | Noticed a moth of wrath
  4486 | D:5      | Found a bloodstained altar of Trog.
  4549 | D:5      | Gained mutation: You are clumsy. (Dex -2) [potion of mutation]
  4549 | D:5      | Gained mutation: You have large cloven feet. [potion of mutation]
  4633 | D:6      | Reached ** piety under Dithmenos
  4740 | D:6      | Found an opulent altar of Gozag.
  4748 | D:6      | Lost mutation: You are clumsy. (Dex -2) [potion of mutation]
  4748 | D:6      | Gained mutation: You are robust. (+10% HP) [potion of mutation]
  4748 | D:6      | Gained mutation: Scrolls take you a little longer to read. [potion of mutation]
  4748 | D:6      | Gained mutation: Your spells are a little harder to cast, but a little more powerful. [potion of mutation]
  4749 | D:6      | Lost mutation: You are robust. (+10% HP) [potion of mutation]
  4749 | D:6      | Lost mutation: Your spells are a little harder to cast, but a little more powerful. [potion of mutation]
  4749 | D:6      | Lost mutation: Scrolls take you a little longer to read. [potion of mutation]
  4749 | D:6      | Gained mutation: Your muscles are strong. (Str +2) [potion of mutation]
  4749 | D:6      | Lost mutation: Your muscles are strong. (Str +2) [potion of mutation]
  4749 | D:6      | Gained mutation: You are partially covered in slimy green scales. (AC +2) [potion of mutation]
  4830 | D:6      | Reached XP level 9. HP: 20/72 MP: 14/14
  4918 | D:6      | Found a hide-covered altar of Uskayaw.
  4972 | D:6      | Reached skill level 5 in Earth Magic
  5043 | D:6      | Found a sand-covered staircase.
  5054 | Ossuary  | Entered an ossuary
  5366 | Ossuary  | Learned a level 2 spell: Call Imp
  5369 | Ossuary  | Learned a level 2 spell: Blink
  5372 | Ossuary  | Learned a level 2 spell: Slow
  6039 | D:7      | Reached *** piety under Dithmenos
  6039 | D:7      | Reached skill level 5 in Axes
  6039 | D:7      | Reached skill level 5 in Armour
  6039 | D:7      | Reached skill level 5 in Evocations
  6167 | D:7      | Found a shattered altar of Ashenzari.
  6177 | D:7      | Found an ancient bone altar of Kikubaaqudgha.
  6198 | D:7      | Found a sacrificial altar of Ru.
  6205 | D:7      | Found a basalt altar of Yredelemnul.
  6357 | D:7      | Reached skill level 5 in Stealth
  6430 | D:7      | Reached skill level 8 in Fighting
  6530 | D:7      | Noticed Joseph
  6556 | D:7      | Reached skill level 5 in Invocations
  6880 | D:7      | Learned a level 3 spell: Mephitic Cloud
  6936 | D:8      | Reached XP level 10. HP: 80/80 MP: 17/17
  6988 | D:8      | Noticed a two-headed ogre
  7048 | D:8      | Killed a two-headed ogre
  7048 | D:8      | Reached skill level 5 in Short Blades
  7048 | D:8      | Reached skill level 5 in Long Blades
  7048 | D:8      | Reached skill level 5 in Maces & Flails
  7048 | D:8      | Reached skill level 5 in Polearms
  7048 | D:8      | Reached skill level 5 in Staves
  7048 | D:8      | Reached skill level 5 in Slings
  7048 | D:8      | Reached skill level 5 in Bows
  7048 | D:8      | Reached skill level 5 in Crossbows
  7048 | D:8      | Reached skill level 5 in Throwing
  7048 | D:8      | Reached skill level 5 in Dodging
  7048 | D:8      | Reached skill level 5 in Shields
  7048 | D:8      | Reached skill level 5 in Unarmed Combat
  7048 | D:8      | Reached skill level 5 in Spellcasting
  7402 | D:8      | Found a staircase to the Lair.
  7481 | D:8      | Reached **** piety under Dithmenos
  7815 | D:8      | Noticed a two-headed ogre
  7834 | D:8      | Killed a two-headed ogre
  8321 | Lair:1   | Entered Level 1 of the Lair of Beasts
  8403 | Lair:1   | Noticed a spiny frog
  8752 | Lair:1   | Noticed a seven-headed hydra
  8831 | Lair:1   | Killed a spiny frog
  8831 | Lair:1   | Reached skill level 5 in Charms
  9071 | Lair:1   | Got a translucent lajatang
  9077 | Lair:1   | Identified the +12 lajatang "Xiwesar" {slice, +Fly rElec rPois MP+9} (You found it on level 1 of the Lair of Beasts)
  9104 | Lair:1   | Learned a level 3 spell: Stone Arrow
  9199 | Lair:2   | Found a staircase to the Shoals.
  9202 | Lair:2   | Noticed Harold
  9217 | Lair:2   | Killed Harold
  9217 | Lair:2   | Reached XP level 11. HP: 30/87 MP: 19/19
  9360 | Shoals:1 | Entered Level 1 of the Shoals
  9731 | Shoals:1 | Shot with an arrow by a merfolk

Skill      XL: |  1  2  3  4  5  6  7  8  9 10 |
---------------+-------------------------------+-----
Charms         | 2 3 4 5 |  5.3
Invocations    | 1 2 3 4 5 6 |  6.4
Short Blades   | 1 2 3 4 5 |  5.9
Long Blades    | 1 2 3 4 5 |  5.9
Maces & Flails | 1 2 3 4 5 |  5.9
Polearms       | 1 2 3 4 5 |  5.9
Staves         | 1 2 3 4 5 |  5.9
Slings         | 1 2 3 4 5 |  5.9
Bows           | 1 2 3 4 5 |  5.9
Crossbows      | 1 2 3 4 5 |  5.9
Throwing       | 1 2 3 4 5 |  5.9
Dodging        | 1 2 3 4 5 |  5.9
Shields        | 1 2 3 4 5 |  5.9
Unarmed Combat | 1 2 3 4 5 |  5.9
Spellcasting   | 1 2 3 4 5 |  5.9
Conjurations   | 1 2 3 4 |  4.8
Hexes          | 1 2 3 4 |  4.8
Summonings     | 1 2 3 4 |  4.8
Necromancy     | 1 2 3 4 |  4.8
Translocations | 1 2 3 4 |  4.8
Transmutations | 1 2 3 4 |  4.8
Fire Magic     | 1 2 3 4 |  4.8
Ice Magic      | 1 2 3 4 |  4.8
Air Magic      | 1 2 3 4 |  4.8
Poison Magic   | 1 2 3 4 |  4.8
Axes           | 3 4 5 6 |  6.5
Armour         | 3 4 5 6 |  6.5
Earth Magic    | 4 5 6 |  6.2
Evocations     | 3 4 5 6 |  6.5
Stealth        | 3 4 5 6 |  6.4
Fighting       | 7 8 |  8.9

Action                   |  1- 3 |  4- 6 |  7- 9 | 10-12 || total
-------------------------+-------+-------+-------+-------++-------
Melee: Hand axe          |    52 |       |       |       ||    52
       Bite              |     8 |    28 |    58 |    24 ||   118
       Short sword       |    24 |   248 |   614 |   152 ||  1038
       Punch             |     1 |     3 |     1 |       ||     5
       Unarmed           |       |    19 |       |       ||    19
       Kick              |       |       |   121 |    67 ||   188
       Lajatang          |       |       |       |    33 ||    33
Throw: Tomahawk          |       |       |       |     9 ||     9
 Cast: Poisonous Vapours |     1 |     3 |     7 |     6 ||    17
       Mephitic Cloud    |       |       |       |     3 ||     3
       Blink             |       |       |       |     1 ||     1
       Call Imp          |       |       |       |     1 ||     1
Evoke: Wand              |       |       |     6 |     4 ||    10
  Use: Scroll            |       |     3 |     8 |     5 ||    16
       Potion            |       |     1 |     7 |     5 ||    13
 Stab: Sleeping          |     2 |     4 |     4 |     6 ||    16
       Paralysed         |       |       |     1 |       ||     1
       Confused          |       |       |       |     3 ||     3
  Eat: Chunk             |       |     6 |     7 |     3 ||    16
       Ration            |       |     1 |     2 |     1 ||     4
Armor: Ring mail         |    40 |   102 |   202 |    30 ||   374
Dodge: Dodged            |    48 |   163 |   349 |   113 ||   673
Block: Buckler           |       |       |   190 |    33 ||   223
